Map: Prion Terraces

Players

ZenedoR

  • Race: Zerg Zerg
  • League: Master

Pokebunny - Winner!

  • Race: Terran Terran
  • League: Grandmaster

VOD

Have the link to the VOD?

Description

Time

  • Played on: April 6, 2016, 12:27 a.m.
  • Length: 8:19
Show
View Real Time Build Order
Export as new Build Order

ZenedoR Zerg 

Build Orders: Hatch First 

Get SALT Encoding   

  12  0:01  Drone  
  13  0:12  Overlord  
  13  0:17  Drone  
  14  0:31  Drone  
  14  0:32  Drone  
  16  0:36  Drone  
  17  0:53  Hatchery  
  17  0:54  Drone  
  17  1:08  Extractor  
  17  1:09  Drone x2  
  18  1:18  Spawning Pool  
  17  1:28  Drone x2  
  19  1:38  Overlord  
  19  1:49  Drone  
  20  2:05  Queen  
  20  2:06  Zergling x2  
  23  2:11  Queen, Drone  
  23  2:13  Zergling x2  
  23  2:14  Metabolic Boost  
  27  2:17  Drone  
  28  2:23  Drone  
  27  2:39  Drone x3  
  29  2:46  Queen  
  29  2:50  Spore Crawler  
  30  2:58  Overlord  
  31  2:59  Drone x3  
  34  3:06  Drone  
  34  3:10  Roach Warren  
  34  3:11  Drone  
  35  3:16  Drone  
  36  3:22  Drone  
  37  3:30  Drone x4  
  41  3:37  Drone, Hatchery  
  41  3:47  Queen  
  43  3:57  Overlord x4  
  43  4:02  Lair, Extractor  
  42  4:06  Drone x2  
  44  4:15  Overlord  
  44  4:17  Roach x3  
  44  4:19  Roach  
  44  4:22  Queen  
  54  4:30  Overlord  
  54  4:33  Drone x5, Extractor  
  54  4:34  Drone  
  59  4:50  Queen, Drone  
  62  4:57  Extractor  
  62  4:58  Zergling x12  
  66  5:02  Roach x2  
  70  5:08  Zergling x2  
  70  5:09  Roach  
  70  5:13  Overseer  
  73  5:19  Spire  
  72  5:23  Roach  
  72  5:24  Roach x3  
  72  5:25  Queen  
  63  5:37  Roach  
  63  5:38  Zergling x6, Roach x4  
  72  5:43  Overseer  
  66  6:11  Baneling Nest  
  66  6:12  Evolution Chamber  
  66  6:13  Evolution Chamber  
  63  6:24  Roach x5  
  73  6:25  Overlord  
  73  6:26  Overlord x2  
  73  6:37  Zergling x2  
  74  6:45  Zergling x4  
  74  6:46  Zergling x14  
  81  6:56  Zergling x10  
  71  7:17  Mutalisk x4  
  74  7:23  Drone x2  
  74  7:24  Drone x5  
  74  7:26  Extractor  
  74  7:27  Extractor  
  74  7:30  Zergling x2  
  74  7:31  Zergling x2  
  74  7:35  Queen  
  72  7:38  Hatchery x2  
  72  7:40  Baneling x2  
  72  7:43  Zergling x2  
  72  7:44  Zergling x8  
  67  7:45  Zergling x2  
  67  7:47  Zergling x2  
  62  7:59  Zergling x2  
  62  8:00  Zergling x10  
Show
View Real Time Build Order
Export as new Build Order

Pokebunny Terran - Winner!

Build Orders: Reaper Expand, MMM Bio 

Get SALT Encoding   

  12  0:00  SCV  
  13  0:13  SCV  
  14  0:17  Supply Depot  
  14  0:25  SCV  
  15  0:39  SCV  
  15  0:40  Barracks  
  16  0:45  Refinery  
  16  0:51  SCV  
  17  1:03  SCV  
  18  1:15  SCV  
  19  1:28  Orbital Command  
  19  1:29  Reaper  
  20  1:40  Command Center  
  20  1:50  Supply Depot  
  20  1:54  SCV  
  21  2:01  Marine  
  22  2:06  Barracks  
  22  2:07  SCV  
  23  2:15  Barracks  
  23  2:19  Barracks Reactor  
  23  2:21  SCV  
  24  2:40  SCV  
  24  2:42  Refinery  
  25  2:54  Barracks Tech Lab  
  25  2:55  Marine x2  
  25  2:56  Orbital Command  
  25  2:57  Factory  
  26  3:01  SCV  
  26  3:03  Marine  
  28  3:13  Stimpack  
  28  3:14  Marine  
  28  3:15  Marine  
  28  3:18  SCV  
  31  3:20  Marine  
  31  3:22  SCV  
  33  3:28  Supply Depot  
  33  3:29  Marine  
  33  3:32  Marine  
  35  3:35  SCV x2  
  35  3:37  Marine  
  35  3:38  Marine  
  39  3:45  Starport  
  39  3:46  Factory Reactor  
  39  3:47  Marine  
  40  3:50  SCV  
  40  3:52  SCV  
  40  3:54  Supply Depot  
  42  3:57  Marine  
  42  3:58  Marine  
  42  3:59  Marine  
  45  4:09  Engineering Bay, SCV x2  
  47  4:10  Marine  
  47  4:16  Marine x2  
  50  4:21  SCV  
  51  4:25  Marine  
  51  4:28  Supply Depot, Medivac x2  
  51  4:29  Marine  
  57  4:34  Marine x2  
  57  4:38  Terran Infantry Weapons Level 1  
  59  4:41  SCV  
  59  4:43  SCV  
  61  4:49  Barracks Reactor  
  61  4:52  Marine x2  
  63  4:54  Marine  
  64  5:01  Command Center  
  64  5:05  Factory Tech Lab  
  64  5:11  Barracks x2  
  64  5:12  SCV  
  64  5:14  SCV  
  66  5:19  Marine x3  
  69  5:22  Refinery  
  69  5:23  Refinery  
  62  5:49  Marine x5  
  61  5:51  Siege Tank  
  61  5:53  Medivac x2  
  70  6:03  Barracks Reactor x2  
  69  6:09  SCV  
  70  6:12  Marine x2  
  70  6:13  Orbital Command, Marine x3, SCV  
  70  6:16  Combat Shields  
  76  6:19  Supply Depot  
  76  6:20  Supply Depot  
  76  6:28  Siege Tank  
  76  6:32  SCV x2  
  81  6:35  Supply Depot  
  81  6:41  Supply Depot  
  78  6:56  Orbital Command  
  78  6:59  Marine x4  
  78  7:00  Marine x5  
  81  7:03  Siege Tank  
  81  7:04  Medivac x2  
  81  7:07  SCV x2  
  87  7:22  Marine x2  
  86  7:23  Marine x2  
  87  7:30  Marine x4  
  87  7:31  Marine  
  92  7:40  Marine x3  
  92  7:41  Siege Tank, Marine  
  98  7:48  Marine x3  
  98  7:49  Barracks  
  98  7:50  Armory, Barracks x2  
  101  7:51  Engineering Bay, Marine  
  101  7:52  Marine  
  107  8:12  Supply Depot  
  111  8:13  Supply Depot  
Tags
 
Add a new tag
Caveats
  • Supply blocks, unpowered buildings, or Contaminate may cause inaccurate times.
  • Supply counts are checked every 10 seconds.